 Dungeon Crawl Stone Soup version 0.27.0-1-g7a089689b8 (webtiles) character file.

Game seed: 17062909695663063169

15 willcat the Sneak (level 2, -2/24 HPs)
             Began as a Human Delver on Aug 13, 2021.
             Slain by an orc (5 damage)
             ... on level 8 of the Dungeon.
             The game lasted 00:01:07 (518 turns).

willcat the Sneak (Human Delver)                     Turns: 518, Time: 00:01:08

Health: -2/24      AC:  5    Str: 12    XL:     2   Next: 65%
Magic:  2/2        EV: 11    Int: 10    God:
Gold:   51         SH:  0    Dex: 14    Spells: 1/1 levels left

rFire    . . .     SeeInvis .   a - +0 hand axe
rCold    . . .     Faith    .   (no shield)
rNeg     . . .     Spirit   .   h - +0 ring mail
rPois    .         Reflect  .   (no helmet)
rElec    .         Harm     .   (no cloak)
rCorr    .         Rampage  .   (no gloves)
Will     .....                  (no boots)
Stlth    ++........             (no amulet)
HPRegen  0.08/turn              (no ring)
MPRegen  0.08/turn              (no ring)

@: hasted, very quick
A: no striking features
a: no special abilities


You were on level 8 of the Dungeon.
You visited 1 branch of the dungeon, and saw 4 of its levels.

You collected 51 gold pieces.

Inventory:

Hand Weapons
 a - a +0 hand axe (weapon)
Armour
 b - a +0 leather armour
 h - a +0 ring mail (worn)
Wands
 g - a wand of digging (3)
Scrolls
 c - a scroll of fog
 d - a scroll of magic mapping
 e - a scroll of fear


   Skills:
 - Level 3.0 Fighting
 + Level 2.5 Axes
 + Level 2.5 Dodging
 - Level 5.0 Stealth


You had one spell level left.
You didn't know any spells.
Your spell library contained the following spells:

 Spells                   Type           Power      Damage    Failure   Level
 Olgreb's Toxic Radiance  Pois           0%         N/A       100%        4
 Ozocubu's Refrigeration  Ice            0%         4d5       100%        7
 Ignition                 Fire           0%         3d3       100%        8


Dungeon Overview and Level Annotations

Branches:
Dungeon (8/15)
 Temple: D:4-7         Lair: D:8-11

Altars:


Message History

Found a chain mail.
You see here a +0 falchion. 2 orcs come into view.
The orc shouts!
You hear a shout! 2 orcs come into view.
The orc shouts! x2
The orc moves out of view.
An orc comes into view. It is wielding a +0 club.
Found 24 gold pieces.
The orc shouts!
You hit the orc but do no damage. The orc hits you with a +0 dagger.
The orc barely misses you.
You hit the orc but do no damage. The orc hits you but does no damage.
The orc barely misses you. x2
You hit the orc.
The orc is almost dead.
The orc hits you but does no damage.
You closely miss the orc.
The orc is almost dead.
You hit the orc but do no damage. The orc closely misses you.
The orc hits you with a +0 dagger. The orc hits you but does no damage.
You hit the orc.
You kill the orc!
You barely miss the orc. The orc closely misses you.
The orc hits you with a +0 club.
The orc hits you from afar with a +0 trident.
You barely miss the orc. You hit the orc. The orc hits you with a +0 mace.
The orc hits you with a +0 club. The orc barely misses you.
You closely miss the orc. The orc hits you with a +0 club.
* * * LOW HITPOINT WARNING * * *
You closely miss the orc. The orc misses you.
You hit the orc.
The orc is moderately wounded.
The orc hits you with a +0 club.
* * * LOW HITPOINT WARNING * * *
You barely miss the orc.
Unknown command.
You feel yourself speed up. The orc hits you but does no damage.
You hit the orc but do no damage. The orc hits you with a +0 mace.
You die...

##..## #..### ###...##
#.### #....###...#..#
### #..........#..#
#...........#<.
#...........#..
#...........#.. ###
##....##........
#.#####o....##........
#.##.@ooo....#........
##..)###............).
#.#### #.o...... .....
#.# #........ ###
#)....... #[.##.....
#.[.# ..... .....#
.... ......# #...


You could see 4 orcs.

Vanquished Creatures
  A howler monkey zombie (D:7)
  2 orcs
  A quokka (D:5)
4 creatures vanquished.

Notes
Turn   | Place    | Note
-------+----------+-------------------------------------------
     0 | D:5      | willcat the Human Delver began the quest for the Orb.
     0 | D:5      | Reached XP level 1. HP: 18/18 MP: 1/1
    83 | D:6      | Noticed a phantom
   121 | D:7      | Reached XP level 2. HP: 9/24 MP: 2/2
   518 | D:8      | Slain by an orc

Illustrated notes

Levels and vault maps discovered:
D:5:      minmay_recursive_quarters, layout_basic, sigmund_edmund_badplayer
D:6:      layout_basic, minivault_5, fountainhead, uniq_pikel
D:7:      layout_layer_cave, kennysheep_little_box,
          minmay_temple_entry_antechambers, ebering_ghost_gozag, serial_shops,
          shop, water_boxes_lemuel
D:8:      gammafunk_wand_slinger, layout_layer_cave, dpeg_lair_monsters

Action                   || total
-------------------------++-------
Melee: Hand axe          ||    28
  Use: Potion            ||     1
Armor: Leather armour    ||     4
       Ring mail         ||     4
Dodge: Dodged            ||    14
